 Dungeon Crawl Stone Soup version 0.23.2-30-g0e89c35649 (webtiles) character file.

Game seed: 7162702241653222753

2244 cab the Fighter (level 9, -11/124 HPs)
             Began as a Minotaur Berserker on June 7, 2019.
             Was a Priest of Trog.
             Mangled by an orc warrior
             ... wielding a +0 war axe
              (15 damage)
             ... on level 10 of the Dungeon on June 8, 2019.
             The game lasted 00:20:17 (6578 turns).

cab the Fighter (Minotaur Berserker)                Turns: 6578, Time: 00:20:17

Health: -11/124    AC: 11    Str: 29    XL:     9   Next: 14%
Magic:  8/8        EV: 13    Int:  4    God:    Trog [***...]
Gold:   374        SH:  0    Dex: 11    Spells: 8/8 levels left

rFire    . . .     SeeInvis .   a - +0 hand axe
rCold    . . .     Gourm    .   (no shield)
rNeg     + . .     Faith    .   v - +0 ring mail
rPois    .         Spirit   .   (helmet restricted)
rElec    .         Reflect  .   y - +1 cloak
rCorr    .         Harm     .   q - +2 pair of gloves
MR       .....                  (no boots)
Stlth    ..........             (no amulet)
HPRegen  0.30/turn              p - ring of positive energy
MPRegen  0.11/turn              (no ring)

@: berserking, lethally poisoned (-11 -> -21), slowed
A: retaliatory headbutt, horns 2
a: Berserk, Trog's Hand, Renounce Religion


You were on level 10 of the Dungeon.
You worshipped Trog.
Trog was most pleased with you.
You were very hungry.

You visited 1 branch of the dungeon, and saw 8 of its levels.

You collected 374 gold pieces.

Inventory:

Hand Weapons
 a - a +0 hand axe (weapon)
 e - a +0 hunting sling
 m - a +0 hunting sling
 t - a +0 mace
 E - the +8 dagger "Couve" {pierce, Dex+4 SInv, unknown}
   (You found it on level 5 of the Dungeon)

   It inflicts extra damage upon your enemies.
   It affects your dexterity (+4).
   It lets you see invisible.
Missiles
 h - 60 arrows
 k - 62 stones
 n - 124 sling bullets
 o - 17 tomahawks (quivered)
Armour
 q - a +2 pair of gloves (worn)
 r - a +2 pair of gloves
 v - a +0 ring mail (worn)
 x - a +2 robe of cold resistance
 y - a +1 cloak (worn)
 D - a cursed +0 robe
Jewellery
 p - a ring of positive energy (left hand)
 s - an uncursed ring of fire
Wands
 i - a wand of polymorph (9)
 z - a wand of flame (26)
Scrolls
 g - a scroll of magic mapping {unknown}
 l - 2 scrolls of identify
 A - 3 scrolls of enchant armour
 B - 2 scrolls of blinking
 C - 3 scrolls of random uselessness {unknown}
 F - 3 scrolls of remove curse
 G - a scroll of fog
 H - a scroll of amnesia {unknown}
Potions
 b - 2 potions of degeneration
 d - 4 potions of haste
 f - a potion of resistance {unknown}
 j - 2 potions of heal wounds
 u - 2 potions of curing
 w - 3 potions of cancellation
 I - 2 potions of lignification {unknown}
Comestibles
 c - 6 rations


   Skills:
 + Level 9.3 Fighting
 + Level 9.2 Axes
 + Level 6.1 Armour
 + Level 5.7 Dodging


You had 8 spell levels left.
You didn't know any spells.
Your spell library was empty.

Dungeon Overview and Level Annotations

Branches:
Dungeon (7/15)
 Temple: D:4-7

Altars:
Ashenzari
Dithmenos
Elyvilon
Qazlal
Ru
Sif Muna
Vehumet
Wu Jian
Xom

Shops:
D:4 [   D:6 :


Innate Abilities, Weirdness & Mutations

You reflexively headbutt those who attack you in melee.
You have a pair of horns on your head.


Message History

The wyvern skeleton bites you.
* * * LOW HITPOINT WARNING * * *
The hornet stings you.
* * * LOW HITPOINT WARNING * * *
You feel as though you will be slow longer.
The very large slime creature hits you but does no damage.
The hungry ghost hits you.
You are feeling hungry.
You are feeling very hungry.
You barely miss the hungry ghost.
The hungry ghost is heavily damaged.
You closely miss the orc warrior. You closely miss the hornet.
You slash the very large slime creature!
You hit the wyvern skeleton.
You feel sick. The hornet stings you.
* * * LOW HITPOINT WARNING * * *
You are lethally poisoned!
You feel as though you will be slow longer.
The wyvern skeleton closely misses you.
The orc warrior hits you with a +0 war axe!
You die...

#.#.............
#...............
............$...
................
................
#...........
#....o..#
#...aoWZ#
#...oy@##
........J#...#
..............#
..............#
............###
....##.....##
.... ##....# ..#
#.....


You could see a very large slime creature, a hungry ghost, a hornet, an orc
warrior, a worker ant, an orc wizard, an orc and a wyvern skeleton.

Vanquished Creatures
  Grinder (D:3)
  Sigmund (D:2)
  A wyvern (D:10)
  Edmund (D:4)
  An orc warrior (D:6)
  A sky beast (D:6)
  3 ogres
  3 scorpions
  6 killer bees
  A bullfrog zombie (D:6)
  4 crimson imps
  A hound (D:6)
  A bullfrog skeleton (D:5)
  Crazy Yiuf (D:2)
  A jelly (D:6)
  2 orc wizards
  Jessica (D:2)
  3 worker ants (D:5)
  A hound skeleton (D:6)
  A howler monkey zombie (D:6)
  Robin (D:3)
  9 adders
  8 gnolls
  A howler monkey skeleton (D:4)
  2 oozes
  An adder zombie (D:6)
  An adder skeleton (D:4)
  A worm (D:3)
  2 dart slugs
  7 leopard geckos
  23 orcs
  4 giant cockroaches
  15 goblins
  A hobgoblin (D:3)
  2 quokkas
  A ball python (D:2)
  4 bats
  2 frilled lizards (D:2)
  3 kobolds
  A leopard gecko zombie (D:6)
  A quokka zombie (D:6)
  6 rats
131 creatures vanquished.

Notes
Turn   | Place    | Note
-------+----------+-------------------------------------------
     0 | D:1      | cab the Minotaur Berserker began the quest for the Orb.
     0 | D:1      | Reached XP level 1. HP: 19/19 MP: 0/0
   591 | D:1      | Reached XP level 2. HP: 27/27 MP: 1/1
  1256 | D:2      | Found a sacrificial altar of Ru.
  1257 | D:2      | Found a radiant altar of Vehumet.
  1260 | D:2      | Found a shimmering altar of Xom.
  1660 | D:2      | Found an ornate altar of the Wu Jian Council.
  1678 | D:2      | Noticed Jessica
  1689 | D:2      | Killed Jessica
  1689 | D:2      | Reached XP level 3. HP: 34/34 MP: 2/2
  1720 | D:2      | Noticed Sigmund
  1732 | D:2      | Killed Sigmund
  1732 | D:2      | Reached skill level 5 in Axes
  1732 | D:2      | Reached XP level 4. HP: 44/44 MP: 3/3
  1732 | D:2      | Reached XP level 5. HP: 50/50 MP: 4/4
  1951 | D:2      | Reached XP level 6. HP: 57/57 MP: 5/5
  2096 | D:2      | Found a runed translucent door.
  2097 | D:2      | Noticed Crazy Yiuf
  2106 | D:2      | Killed Crazy Yiuf
  2367 | D:2      | Found a stormy altar of Qazlal.
  2401 | D:3      | Noticed Grinder
  2409 | D:3      | Paralysed by Grinder for 4 turns
  2417 | D:3      | Paralysed by Grinder for 3 turns
  2432 | D:3      | Killed Grinder
  2771 | D:3      | Found a sacrificial altar of Ru.
  2814 | D:3      | Noticed Robin
  2821 | D:3      | Reached ** piety under Trog
  2828 | D:3      | Reached XP level 7. HP: 60/66 MP: 6/6
  2831 | D:3      | Killed Robin
  2938 | D:3      | Found a shadowy altar of Dithmenos.
  3756 | D:4      | Found Vanuis Ruiz's Armour Shoppe.
  3990 | D:4      | Noticed Edmund
  4002 | D:4      | Killed Edmund
  4350 | D:4      | Found a deep blue altar of Sif Muna.
  4499 | D:5      | Entered Level 5 of the Dungeon
  4558 | D:5      | Reached XP level 8. HP: 58/74 MP: 7/7
  4920 | D:5      | Found a shattered altar of Ashenzari.
  4942 | D:5      | Reached *** piety under Trog
  4975 | D:5      | Got a warped dagger
  5619 | D:6      | Found a white marble altar of Elyvilon.
  5632 | D:6      | Reached skill level 5 in Armour
  5789 | D:6      | Found Sagoimur's Book Shop.
  5931 | D:6      | Reached skill level 5 in Dodging
  6260 | D:6      | HP: 3/78 [poisoned by a killer bee]
  6547 | D:7      | Reached XP level 9. HP: 83/83 MP: 8/8
  6562 | D:7      | You fall through a shaft for 3 floors!
  6562 | D:10     | Entered Level 10 of the Dungeon
  6578 | D:10     | HP: 6/124 [poisoned by a hornet]
  6578 | D:10     | Mangled by an orc warrior

Skill      XL: |  1  2  3  4  5  6  7  8  9 |
---------------+----------------------------+-----
Fighting       | 4 6 7 8 9 |  9.3
Axes           | 4 5 6 7 9 |  9.2
Dodging        | 3 5 |  5.7
Armour         | 3 5 6 |  6.1

Action                   |  1- 3 |  4- 6 |  7- 9 || total
-------------------------+-------+-------+-------++-------
Melee: Hand axe          |    34 |    25 |   228 ||   287
       Headbutt          |     6 |     6 |    57 ||    69
       Mace              |       |    26 |    49 ||    75
Throw: Tomahawk          |     6 |       |     8 ||    14
Invok: Berserk           |     1 |     2 |     3 ||     6
  Use: Scroll            |       |     6 |     5 ||    11
       Potion            |       |       |     1 ||     1
  Eat: Chunk             |     2 |     4 |    13 ||    19
       Ration            |       |     1 |     1 ||     2
Armor: Animal skin       |     3 |       |       ||     3
       Ring mail         |     1 |    21 |   123 ||   145
Dodge: Dodged            |    15 |    39 |   177 ||   231
